Map: [TLMC15] Hardwire

Players

DPGherO (herO)

  • Race: Protoss Protoss
  • League: Master

ByuN - Winner!

  • Race: Terran Terran

VOD

Have the link to the VOD?

Description

Time

  • Played on: Oct. 22, 2021, 7:23 a.m.
  • Length: 13:29
Show
View Real Time Build Order
Export as new Build Order

DPGherO Protoss 

Build Orders: 1 Gate Expand, Blink Stalkers, Chargelot Immortal 

Get SALT Encoding   

  12  0:00  Probe  
  13  0:12  Probe  
  14  0:17  Pylon  
  14  0:24  Probe  
  15  0:35  Gateway  
  15  0:37  Probe (Chrono Boost)  
  16  0:43  Assimilator  
  16  0:49  Probe (Chrono Boost)  
  17  0:55  Probe (Chrono Boost)  
  18  1:03  Probe  
  20  1:22  Cybernetics Core  
  20  1:23  Zealot  
  21  1:35  Nexus  
  21  1:43  Pylon  
  21  1:47  Assimilator  
  21  1:49  Probe  
  22  1:59  Adept (Chrono Boost), Warp Gate  
  22  2:02  Probe  
  25  2:14  Probe  
  26  2:22  Adept  
  28  2:26  Probe (Chrono Boost)  
  28  2:28  Twilight Council  
  29  2:38  Probe (Chrono Boost)  
  30  2:47  Probe (Chrono Boost)  
  31  2:56  Blink (Chrono Boost)  
  31  2:57  Probe x2  
  33  3:07  Gateway  
  33  3:10  Probe x2  
  35  3:17  Robotics Facility  
  35  3:22  Probe x2  
  37  3:33  Pylon  
  37  3:34  Probe x2  
  39  3:46  Probe x2, Stalker  
  43  3:58  Probe x2  
  43  4:02  Stalker  
  47  4:04  Observer  
  47  4:05  Nexus  
  48  4:10  Stalker  
  48  4:13  Probe x2  
  52  4:18  Pylon  
  52  4:23  Pylon  
  52  4:25  Observer (Chrono Boost)  
  52  4:28  Probe x2  
  53  4:37  Stalker x2  
  57  4:40  Assimilator  
  57  4:43  Immortal (Chrono Boost)  
  61  4:48  Pylon  
  61  4:50  Probe  
  61  4:51  Probe  
  63  5:02  Probe  
  63  5:03  Probe  
  65  5:10  Gateway  
  65  5:11  Gateway  
  65  5:14  Charge  
  65  5:15  Gateway  
  65  5:16  Probe x2  
  67  5:24  Immortal  
  67  5:28  Sentry  
  73  5:31  Probe x2  
  73  5:32  Probe  
  76  5:38  Gateway  
  76  5:39  Gateway  
  76  5:43  Probe x2  
  76  5:44  Probe  
  76  5:47  Stalker  
  78  5:57  Probe  
  78  5:58  Probe  
  78  5:59  Probe  
  78  6:00  Stalker  
  83  6:06  Warp Prism  
  80  6:12  Probe x3  
  83  6:21  Shield Battery, Zealot x2  
  87  6:26  Probe x3, Pylon  
  87  6:30  Sentry x2  
  93  6:35  Shield Battery  
  93  6:40  Pylon  
  93  6:42  Pylon  
  93  6:44  Probe x3  
  93  6:45  Immortal (Chrono Boost)  
  99  6:56  Probe  
  99  6:58  Zealot  
  99  6:59  Zealot x3  
  107  7:03  Shield Battery  
  107  7:05  Stalker x2  
  111  7:08  Observer  
  111  7:11  Pylon x2  
  111  7:13  Pylon  
  111  7:19  Immortal (Chrono Boost)  
  115  7:31  Zealot x6  
  115  7:35  Stalker  
  115  7:37  Pylon  
  129  7:41  Pylon  
  129  7:50  Immortal (Chrono Boost)  
  129  7:55  Shield Battery  
  129  7:56  Stalker x4  
  134  8:09  Zealot x3  
  80  8:35  Stalker x7  
  80  8:37  Probe x3  
  97  8:49  Probe x3  
  100  9:08  Zealot x7  
  106  9:20  Immortal (Chrono Boost)  
  104  9:29  Zealot x7  
  90  9:36  Probe x3  
  64  9:49  Stalker x3  
  64  9:50  Observer, Stalker x2  
  64  9:52  Probe x3  
  77  9:56  Observer (Chrono Boost)  
  78  10:04  Sentry, Zealot  
  82  10:09  Immortal (Chrono Boost)  
  82  10:12  Probe x3  
  86  10:16  Sentry x2  
  86  10:20  Zealot x2  
  94  10:30  Probe  
  94  10:35  Sentry, Zealot  
  99  10:37  Immortal (Chrono Boost)  
  99  10:41  Zealot x2  
  107  10:46  Zealot x2  
  107  10:48  Zealot  
  113  10:51  Observer  
  113  11:14  Stalker  
  113  11:15  Stalker x6  
  110  11:42  Zealot x7  
  110  11:45  Observer (Chrono Boost)  
  103  12:02  Zealot x7  
  72  12:24  Zealot x7  
  43  12:39  Observer (Chrono Boost)  
  44  12:46  Stalker x4  
  49  12:54  Probe x3 (Chrono Boost)  
  51  13:05  Probe x3 (Chrono Boost)  
  58  13:06  Sentry x2  
  58  13:09  Probe (Chrono Boost)  
  58  13:10  Sentry, Probe (Chrono Boost)  
Show
View Real Time Build Order
Export as new Build Order

ByuN Terran - Winner!

Build Orders:  

Get SALT Encoding   

  12  0:00  SCV  
  13  0:12  SCV  
  14  0:16  Supply Depot  
  14  0:24  SCV  
  15  0:38  SCV  
  15  0:39  Barracks  
  16  0:42  Refinery  
  16  0:50  SCV  
  17  1:02  SCV  
  18  1:14  SCV  
  19  1:26  Marine, Orbital Command  
  20  1:37  Command Center  
  20  1:48  Factory  
  20  1:52  SCV  
  21  2:02  Barracks Reactor  
  21  2:04  SCV, Refinery  
  22  2:10  Supply Depot  
  22  2:16  SCV  
  23  2:32  SCV  
  23  2:34  Widow Mine  
  26  2:38  Marine x2  
  26  2:39  Starport  
  28  2:44  SCV  
  29  2:55  Widow Mine  
  29  2:56  Marine x2  
  34  2:58  SCV  
  34  3:03  Orbital Command  
  34  3:10  SCV  
  35  3:14  Marine  
  35  3:15  Medivac  
  35  3:19  Factory Tech Lab  
  38  3:24  SCV  
  38  3:25  Orbital Command  
  38  3:26  Supply Depot  
  39  3:31  Marine  
  39  3:32  Marine  
  41  3:36  SCV  
  42  3:43  Factory Tech Lab  
  42  3:48  Supply Depot, SCV  
  43  3:50  SCV  
  43  3:51  Raven  
  43  3:52  Marine  
  43  3:54  Marine  
  48  4:00  SCV  
  50  4:02  SCV  
  50  4:03  Barracks  
  50  4:11  Supply Depot  
  50  4:13  Siege Tank  
  50  4:16  SCV  
  50  4:17  SCV  
  55  4:19  Marine x2  
  57  4:28  SCV  
  57  4:29  SCV  
  57  4:31  Bunker  
  59  4:34  Supply Depot  
  59  4:38  Marine  
  59  4:39  Marine  
  59  4:41  SCV x2  
  59  4:44  Refinery  
  63  4:45  Siege Tank  
  66  4:53  Barracks, SCV x2  
  66  4:57  Supply Depot  
  66  4:58  Marine  
  69  5:00  Marine  
  69  5:01  Stimpack  
  69  5:06  SCV x2  
  72  5:10  Marine  
  72  5:12  Starport Reactor  
  73  5:15  Marine, Engineering Bay  
  73  5:18  Marine  
  73  5:20  SCV  
  73  5:21  SCV  
  77  5:23  Refinery  
  77  5:24  Factory Reactor  
  77  5:27  Supply Depot  
  77  5:31  Marauder  
  77  5:32  SCV  
  77  5:33  Marine, SCV  
  82  5:36  Marine  
  82  5:41  Supply Depot  
  83  5:44  SCV  
  83  5:45  SCV  
  85  5:55  Marine x2, Marauder x2  
  85  5:57  Medivac  
  94  6:02  Terran Infantry Weapons Level 1, Medivac  
  93  6:04  Supply Depot  
  93  6:13  Widow Mine  
  93  6:14  Widow Mine  
  93  6:16  Supply Depot x2  
  93  6:18  Marauder x2, Combat Shield  
  103  6:34  Marine x2  
  103  6:36  Widow Mine x2  
  109  6:40  Medivac x2  
  109  6:41  Marauder x2  
  115  6:56  Marine x2  
  115  7:00  Widow Mine x2  
  121  7:03  Marauder x2  
  121  7:07  Command Center  
  125  7:09  SCV  
  125  7:10  SCV  
  125  7:12  Supply Depot  
  125  7:15  Marine  
  130  7:24  Marauder, SCV x2  
  130  7:29  Starport Reactor  
  131  7:30  Factory Reactor  
  131  7:34  Marauder, Concussive Shells  
  135  7:38  Supply Depot  
  135  7:45  Marauder  
  135  7:50  Barracks Reactor  
  135  7:55  Barracks  
  135  7:56  Barracks, Terran Infantry Armor Level 1  
  135  7:59  Marauder  
  137  8:07  Marauder, Widow Mine x2  
  123  8:20  Marine  
  114  8:27  SCV x2  
  114  8:28  Marine  
  114  8:29  Widow Mine  
  114  8:33  Marine x2  
  114  8:37  Ghost Academy  
  114  8:38  Liberator x2  
  114  8:39  Marauder, Orbital Command  
  114  8:40  Supply Depot  
  122  8:44  Barracks Reactor, Barracks Tech Lab  
  122  8:46  Marauder  
  122  8:47  Missile Turret  
  124  8:50  Armory  
  124  8:51  Marine  
  124  8:53  Engineering Bay  
  123  8:59  Marine  
  120  9:03  Marine x2  
  120  9:07  Marine  
  121  9:10  Widow Mine  
  121  9:11  Marine  
  121  9:14  Widow Mine  
  121  9:15  Orbital Command  
  122  9:18  Marauder  
  122  9:21  Marauder  
  122  9:23  SCV  
  119  9:25  Marauder  
  119  9:28  SCV  
  109  9:35  Marine  
  93  9:39  Marauder  
  93  9:43  Marauder, SCV x2  
  89  9:47  Marauder  
  91  9:54  Barracks Reactor  
  91  9:55  Medivac  
  91  9:56  Medivac  
  93  10:00  SCV  
  93  10:01  Marauder  
  93  10:04  Widow Mine  
  93  10:05  Widow Mine  
  100  10:08  Marine  
  100  10:09  Marine  
  100  10:11  Orbital Command  
  100  10:16  Marauder x2  
  104  10:27  Terran Infantry Armor Level 2, Terran Infantry Weapons Level 2  
  104  10:30  Missile Turret  
  104  10:37  SCV x3  
  107  10:46  Ghost x2  
  107  10:48  Ghost  
  113  10:53  SCV  
  113  10:54  SCV x2  
  116  10:57  Starport Reactor  
  116  10:58  Marine  
  116  11:03  Factory Reactor  
  115  11:05  SCV  
  115  11:06  SCV x2  
  115  11:09  Enhanced Shockwaves  
  118  11:14  Marine x2  
  122  11:18  Marine, Marauder  
  121  11:35  Marauder x2  
  124  11:42  Marine x2, Marauder  
  124  11:43  Marine x2  
  124  11:45  SCV x2  
  121  11:57  Marauder x2  
  121  12:01  Marine  
  121  12:04  Marauder  
  121  12:06  Medivac  
  121  12:08  SCV  
  118  12:12  Orbital Command  
  107  12:17  Ghost  
  107  12:18  Marine, Marauder  
  107  12:19  SCV  
  93  12:25  Marauder  
  81  12:33  SCV  
  81  12:36  Marine  
  77  12:42  Marine  
  78  12:49  Marauder x2  
  83  12:51  SCV x2  
  83  12:58  SCV  
  83  13:03  Marine x2  
  85  13:06  Marine  
  85  13:07  Marine  
  90  13:13  SCV x2  
  90  13:14  SCV  
Tags
 
Add a new tag
Caveats
  • Supply blocks, unpowered buildings, or Contaminate may cause inaccurate times.
  • Supply counts are checked every 10 seconds.